 Dungeon Crawl Stone Soup version 0.31-a0-1469-gd420192249 (webtiles) character file.

Game seed: 9468419014280304124

1933 ano the Cudgeller (level 9, 0/91 HPs)
             Began as an Oni Cinder Acolyte on Dec 28, 2023.
             Was an Elder of Ignis.
             Slain by a troll (7 damage)
             ... on level 7 of the Dungeon.
             The game lasted 00:38:49 (5142 turns).

ano the Cudgeller (Oni Cinder Acolyte)              Turns: 5142, Time: 00:38:50

Health: 0/91       AC: 10    Str: 22    XL:     9   Next: 17%
Magic:  16/16      EV:  9    Int: 17    God:    Ignis [****..]
Gold:   405        SH:  7    Dex:  9    Spells: 8/17 levels left

rFire   + . .        s - +11 mace of Yesterday {protect, Dex+5}
rCold   + . .        w - +0 kite shield
rNeg    . . .        o - +0 robe
rPois   .            (helmet restricted)
rElec   .            (no cloak)
rCorr   .            (gloves unavailable)
SInv    .            (boots unavailable)
Will    +....        (no amulet)
Stlth   +            i - ring of protection from cold
HPRegen 0.35/turn    (no ring)
MPRegen 0.15/turn

%: no passive effects
@: under a protective aura
A: large, unfitting armour, horns 1, tough skin 1, double potion healing,
drunken brawling, talons 1, strong-willed 1, MP-powered wands
a: Renounce Religion, Fiery Armour, Foxfire Swarm, Rising Flame


You were on level 7 of the Dungeon.
You worshipped Ignis.
Ignis was greatly pleased with you.
You visited 1 branch of the dungeon, and saw 7 of its levels.

You collected 405 gold pieces.

Inventory:

Hand Weapons
 a - a -1 hand axe of flaming
 b - a +2 war axe of flaming
 e - a +2 hand axe of electrocution
 s - the +11 mace of Yesterday (weapon) {protect, Dex+5}
   (You found it on level 2 of the Dungeon)

   Dex+5:     It affects your dexterity (+5).
 B - a +2 antimagic trident
 C - the +4 short sword "Eniofa" {spect, Stlth+}
   (You took it off an orc on level 5 of the Dungeon)

   Stlth+:    It makes you more stealthy.
Armour
 n - the +0 chain mail of Inuw {Will+ Regen+}
   (You found it on level 2 of the Dungeon)

   Will+:     It increases your willpower.
   Regen+:    It increases your rate of health regeneration.
 o - a +0 robe (worn)
 v - the +2 ring mail of Xom's Delight {MP+9}
   (You found it on level 2 of the Dungeon)

   MP+9:      It affects your magic capacity (+9).
 w - a +0 kite shield (worn)
 x - a +0 pair of boots
 E - a +1 cloak
Magical Staves
 g - a staff of conjuration
Jewellery
 i - a ring of protection from cold (left hand)
 F - a ring of ice
Talismans
 y - a beast talisman
 G - a storm talisman
 H - a maw talisman
Wands
 A - a wand of flame (6)
Scrolls
 d - 2 scrolls of acquirement {unknown}
 h - a scroll of enchant armour {unknown}
 k - 2 scrolls of immolation
 m - 2 scrolls of amnesia {unknown}
 t - a scroll of revelation
 u - 2 scrolls of enchant weapon
 D - 3 scrolls of teleportation
Potions
 f - 2 potions of lignification
 j - 4 potions of curing
 l - a potion of ambrosia {unknown}
 p - 4 potions of enlightenment
 q - a potion of haste
 r - a potion of brilliance {unknown}
 z - a potion of heal wounds {unknown}


   Skills:
 + Level 6.3 Fighting
 + Level 3.8(5.8) Axes
 + Level 6.7(7.2) Maces & Flails
 + Level 3.4 Dodging
 + Level 1.4 Stealth
 + Level 2.3 Shields
 + Level 4.9 Spellcasting
 + Level 1.7 Translocations
 + Level 4.2 Fire Magic
 + Level 0.1 Ice Magic


You had 8 spell levels left.
You knew the following spells:

 Your Spells              Type           Power      Damage    Failure   Level
a - Scorch                Fire           36%        2d6       9%          2
b - Hailstorm             Conj/Ice       4%         3d5       67%         3
c - Blink                 Tloc           20%        N/A       26%         2
d - Mercury Vapours       Alch/Air       8%         N/A       45%         2

Your spell library contained the following spells:

 Spells                   Type           Power      Damage    Failure   Level
 Lesser Beckoning         Tloc           20%        N/A       26%         2
 Freeze                   Ice            16%        1d4       32%         1
 Sting                    Conj/Alch      16%        1d4       32%         1
 Momentum Strike          Conj/Tloc      14%        3d8       34%         2
 Frozen Ramparts          Ice            8%         1d2       67%         3
 Tukima's Dance           Hex            4%         N/A       71%         3
 Passage of Golubria      Tloc           10%        N/A       86%         4
 Olgreb's Toxic Radiance  Alch           4%         N/A       98%         4
 Yara's Violent Unravell  Hex/Alch       2%         3d3       100%        5


Dungeon Overview and Level Annotations

Branches:
Dungeon (7/15)             Temple (0/1) D:7

Altars:


Innate Abilities, Weirdness & Mutations

You are too large for most types of armour.
You have a pair of small horns on your head.
You have tough skin. (AC +1)
You gain doubled healing and magic from potions.
Whenever you drink a healing potion, you attack all around you.
You have sharp toenails.
You are strong-willed. (Will+)
You expend magic power (3 MP) to strengthen your wands.


Message History

An orc comes into view. It is wielding a +0 hand axe.
A shadow comes into view.
A troll comes into view.
A kobold demonologist, a purple ugly thing and a shadow come into view.
Found a scroll labelled VUETWEV XENG, a bound wooden ring and a gold wand.
The orc shouts!
The troll shouts!
The troll bites you! The troll claws you! The troll claws you.
You hear a shout!
An orc priest comes into view. It is wielding a +0 whip.
The orc priest shouts!
The orc barely misses you. The troll attacks as it pursues you!
You block the troll's attack. The troll claws you!
The troll closely misses you.
You completely miss the orc. You claw the orc. Your headbutt misses the orc.
The orc is severely wounded.
The orc closely misses you. You block the troll's attack.
The troll claws you. x2
You thump the orc!
Your weapon exudes an aura of protection.
You kill the orc!
The orc wizard casts a spell.
The orc wizard flickers and vanishes!
Deactivating autopickup; reactivate with Ctrl-A.
You block the troll's attack. The troll claws you!
* * * LOW HITPOINT WARNING * * *
You block the troll's attack.
You hit the troll but do no damage. You claw the troll.
Your headbutt misses the troll.
The troll is lightly wounded.
You block the troll's attack. The troll claws you.
* * * LOW HITPOINT WARNING * * *
The troll claws you but does no damage.
You barely miss the troll. Your kick misses the troll.
You block the troll's attack. x2; The troll claws you!
* * * LOW HITPOINT WARNING * * *
Something hits you but does no damage. x2; The troll closely misses you.
The troll claws you but does no damage. The troll barely misses you.
You closely miss the troll. Your kick misses the troll.
You block something's attack. The troll bites you!
* * * LOW HITPOINT WARNING * * *
The troll claws you but does no damage. The troll claws you!
You die...

#####.##.............
#.............##.....
#######...............)....
#...<.....<......####......
#...#####......###*,#......
#............###**,*#......
#...#......### **,**#..>...
#.......########.#* #......
####...###@)ooo.#* #......
##....##.T######.#* #......
###...###..#.#*
**,**#......
###...###..###W.#**
**,*#...... ###...###..#.#
*.#[.*****,#......
#...###..###.#
*u###.,*****,,,,,,
#.###..###,#.#
*K#?###.,***,,,,,,
#.)..###,,,..#
*W...=##*,,*,,,,,,
#.###..#**,#.#
*.#/###.,***,,,,,,


You could see a troll, an orc priest and 2 orcs.

Vanquished Creatures
  A water moccasin (D:6)
  An orc warrior (D:6)
  2 ice beasts
  3 black bears
  A centaur (D:4)
  2 phantoms
  2 bullfrogs
  A scorpion (D:5)
  2 howler monkeys
  2 bombardier beetles
  6 hounds
  5 orc priests
  3 iguanas
  3 orc wizards
  3 gnolls (D:6)
  5 adders
  4 shadow imps
  A white imp (D:5)
  2 ufetubi (D:5)
  4 worms
  3 dart slugs
  17 orcs
  9 ball pythons
  3 endoplasms
  4 giant cockroaches
  5 goblins
  8 hobgoblins
  9 jackals
  9 kobolds
  3 quokkas
  9 bats
  5 frilled lizards
  6 rats
143 creatures vanquished.

Vanquished Creatures (others)
  34 foxfires (D:3)
34 creatures vanquished.

Grand Total: 177 creatures vanquished

Notes
Turn   | Place    | Note
-------+----------+-------------------------------------------
     0 | D:1      | ano the Oni Cinder Acolyte began the quest for the Orb.
     0 | D:1      | Reached XP level 1. HP: 24/24 MP: 2/2
    78 | D:1      | Reached XP level 2. HP: 18/32 MP: 3/3
   204 | D:1      | Learned a level 2 spell: Scorch
   462 | D:1      | Reached XP level 3. HP: 40/40 MP: 4/4
   537 | D:1      | Reached skill level 1 in Dodging
   542 | D:1      | Found a faded altar of an unknown god.
   786 | D:2      | Identified the +0 chain mail of Inuw {Will+ Regen+}
  1035 | D:2      | Reached XP level 4. HP: 49/49 MP: 5/5
  1038 | D:2      | Identified the +11 mace of Yesterday {protect, Dex+5}
  1103 | D:2      | Identified the +2 ring mail of Xom's Delight {MP+9}
  1661 | D:3      | Reached skill level 5 in Fighting
  1661 | D:3      | Reached skill level 1 in Maces & Flails
  1661 | D:3      | Reached XP level 5. HP: 52/57 MP: 1/6
  1808 | D:3      | Learned a level 3 spell: Hailstorm
  1860 | D:3      | Found a transporter.
  1881 | D:3      | Found a transporter.
  2270 | D:3      | HP: 1/57 [orc priest/divine providence (9)]
  2579 | D:4      | Learned a level 2 spell: Blink
  2616 | D:4      | Noticed a centaur
  2624 | D:4      | Killed a centaur
  2625 | D:4      | Reached XP level 6. HP: 43/66 MP: 7/9
  3179 | D:4      | Noticed a black bear
  3185 | D:4      | Killed a black bear
  3186 | D:4      | Reached skill level 1 in Shields
  3186 | D:4      | Reached XP level 7. HP: 65/72 MP: 11/11
  3199 | D:4      | Gained mutation: You have a pair of horns on your head.
                  | [potion of mutation]
  3199 | D:4      | Gained mutation: Your system is resistant to poisons.
                  | (rPois) [potion of mutation]
  3490 | D:5      | Entered Level 5 of the Dungeon
  3577 | D:5      | Reached skill level 1 in Stealth
  3590 | D:5      | Identified the +4 short sword "Eniofa" {spect, Stlth+}
  3597 | D:5      | Reached skill level 1 in Translocations
  4021 | D:5      | Reached XP level 8. HP: 78/81 MP: 13/13
  4129 | D:5      | Learned a level 2 spell: Mercury Vapours
  4313 | D:6      | Reached skill level 5 in Maces & Flails
  4698 | D:6      | Reached XP level 9. HP: 89/89 MP: 15/15
  4991 | D:6      | Lost mutation: You have a pair of horns on your head.
                  | [potion of mutation]
  4991 | D:6      | Lost mutation: Your system is resistant to poisons. (rPois)
                  | [potion of mutation]
  4991 | D:6      | Gained mutation: You are strong-willed. (Will+) [potion of
                  | mutation]
  4991 | D:6      | Gained mutation: You expend magic power (3 MP) to
                  | strengthen your wands. [potion of mutation]
  4991 | D:6      | Gained mutation: You have sharp toenails. [potion of
                  | mutation]
  5135 | D:7      | Noticed a troll
  5136 | D:7      | Noticed a kobold demonologist
  5136 | D:7      | Noticed a purple ugly thing
  5142 | D:7      | Slain by a troll

Illustrated notes

Levels and vault maps discovered:
D:1:      wander_arrival_desolate, layout_basic,
          dilly_ecumenical_altar_fadedgnrine
D:2:      minmay_razor_zed, layout_rooms, minmay_cut_off
D:3:      gammafunk_wand_slinger, layout_rooms, serial_forest,
          infiniplex_forest_zigzag_1, infiniplex_forest_pool,
          infiniplex_forest_3_way, infiniplex_forest_3_way,
          infiniplex_forest_end_2, infiniplex_forest_lined_corner,
          infiniplex_forest_clump_curved, infiniplex_forest_clump_small,
          infiniplex_forest_zigzag_1, infiniplex_forest_straight_5,
          minmay_liquid_box, minmay_surrounded
D:4:      layout_basic, kennysheep_generic_room_14
D:5:      layout_basic, st_stairs_6, grunt_decor_mini_mirrors
D:6:      layout_cave_pools, due_unseen_surprise
D:7:      minmay_the_grid_triangle_9x9_recursive_2
          [minmay_the_grid_triangle_9x9_prize_top_heavy,
          minmay_the_grid_triangle_9x9_minimal,
          minmay_the_grid_triangle_9x9_swiss_cheese,
          minmay_the_grid_triangle_9x9_windchime], layout_rooms,
          minmay_temple_entry_grid

Skill      XL: |  1  2  3  4  5  6  7  8 |
---------------+-------------------------+-----
Fire Magic     | 3 4 |  4.2
Dodging        | 1 2 3 |  3.4
Fighting       | 5 6 |  6.3
Maces & Flails | 1 2 3 4 6 |  6.7
Spellcasting   | 2 3 4 |  4.9
Shields        | 1 2 |  2.3
Stealth        | 1 |  1.4
Translocations | 1 |  1.7
Axes           | |  3.8
Ice Magic      | |  0.1

Action                     |  1- 3 |  4- 6 |  7- 9 || total
---------------------------+-------+-------+-------++-------
  Melee: Hand axe          |   105 |       |       ||   105
         Headbutt          |     6 |    21 |    15 ||    42
         Mace              |       |   101 |   125 ||   226
         Kick              |       |       |     6 ||     6
   Cast: Scorch            |     2 |    11 |    17 ||    30
         Blink             |       |     2 |    10 ||    12
 Invoke: Foxfire Swarm     |       |     2 |       ||     2
    Use: Potion            |       |     5 |     2 ||     7
         Scroll            |       |     2 |     6 ||     8
 Armour: Robe              |    76 |    83 |   126 ||   285
  Dodge: Dodged            |    54 |    39 |    45 ||   138
  Block: Kite shield       |       |    27 |    58 ||    85

Table legend: (Time is in decaauts)
 A = Elapsed time spent in this place.
 B = Non-inter-level travel time spent in this place.
 C = Inter-level travel time spent in this place.
 D = Time resting spent in this place.
 E = Time spent auto-exploring this place.
 F = Levels seen in this place.
 G = Mean time per level.
                   A        B        C        D        E       F      G
               +--------+--------+--------+--------+--------+-----+--------+
         Total |   5207 |   1623 |   3584 |    184 |      0 |   7 |  743.9 |
       Dungeon |   5207 |   1623 |   3584 |    184 |      0 |   7 |  743.9 |
               +--------+--------+--------+--------+--------+-----+--------+

Top non-repeatable levels by time:
     D:3: 1105 daAuts
     D:4: 926 daAuts
     D:5: 831 daAuts
     D:2: 823 daAuts
     D:6: 735 daAuts
     D:1: 672 daAuts
     D:7: 111 daAuts
